 Dungeon Crawl Stone Soup version bcrawl-1.32 (webtiles) character file.

Game seed: 16954281872904781541

94027 Morbidden the Sneak (level 3, -10/28 HPs)
             Began as a Demigod Archaeologist on July 8, 2021.
             Killed by divine providence
             ... invoked by an orc priest
              (11 damage)
             ... on level 2 of the Dungeon.
             The game lasted 00:01:34 (1877 turns).

Morbidden the Sneak (Demigod Archaeologist)         Turns: 1877, Time: 00:01:35

Health: -10/28     AC: 13    Str: 17    XL:     3   Next: 42%
Magic:  6/6        EV:  8    Int: 23    God:    Demigod [......]
Gold:   143        SH:  0    Dex: 15    Spells: 2/2 levels left

rFire    . . .     SeeInvis .   a - +0 whip
rCold    . . .     Gourm    .   (no shield)
rNeg     . . .     Faith    .   r - +0 chain mail
rPois    .         Spirit   .   d - +1 hat
rElec    .         Reflect  .   (no cloak)
rCorr    .         Harm     .   l - +0 pair of gloves
MR       .....                  n - +2 pair of boots
Stlth    ..........             (no amulet)
HPRegen  0.09/turn              (no ring)
MPRegen  0.10/turn              (no ring)

@: brilliant
A: high mp 1
a: no special abilities


You were on level 2 of the Dungeon.
You worshipped Demigod.
Demigod was noncommittal.
You were not hungry.

You visited 1 branch of the dungeon, and saw 3 of its levels.

You collected 143 gold pieces.

Inventory:

Hand Weapons
 a - a +0 whip (weapon)
 b - a +0 blowgun
Missiles
 f - 5 curare-tipped needles
Armour
 d - a +1 hat (worn)
 l - a +0 pair of gloves (worn)
 n - a +2 pair of boots (worn)
 r - a +0 chain mail (worn)
Jewellery
 u - an uncursed ring of poison resistance {unknown}
Wands
 c - a wand of iceblast (4)
Scrolls
 g - a scroll of magic mapping
 i - 3 scrolls of identify
 m - 2 scrolls of fog {unknown}
 o - 3 scrolls of enchant weapon {unknown}
 s - a scroll of immolation {unknown}
 t - a scroll of teleportation {unknown}
Potions
 j - a potion of degeneration {unknown}
 p - a potion of invisibility {unknown}
Miscellaneous
 h - a dusty tome
Comestibles
 e - 4 rations {!d}


   Skills:
 * Level 1.2 Fighting
 + Level 1.3 Maces & Flails
 + Level 0.1 Armour
 + Level 3.2 Dodging
 + Level 3.4 Stealth
 * Level 1.0 Invocations


You had 2 spell levels left.
You didn't know any spells.
Your spell library was empty.

Dungeon Overview and Level Annotations

Branches:
Dungeon (3/12)


Innate Abilities, Weirdness & Mutations

You have an increased reservoir of magic. (+10% MP)


Message History

The orc hits you with a +0 flail.
* * * LOW HITPOINT WARNING * * *
The orc hits you but does no damage.
You closely miss the orc priest.
The orc priest is severely wounded.
The orc barely misses you. The orc priest barely misses you.
The orc hits you but does no damage.
Your chain mail prevents you from hitting the orc priest.
The orc priest is severely wounded.
The orc hits you but does no damage.
The orc priest hits you but does no damage.
The orc hits you but does no damage.
Unknown command.
Unknown command.
It was a potion of brilliance.
You feel clever all of a sudden.
The orc priest mumbles some strange prayers to Beogh against you.
Beogh smites you!
You die...
Your divinity fades.

#.#.# #.#.#.# #.#.# #.#.#.#####
#.#.###.#.#.....#
#.............#.#
.........####.#.#
..............#.#
#.#.###.#######.#
#.#...#.##....#.##
...............o@#
#......<....#.#oo#
#.....#.....#.#..#
#...#.#.....#.#..#
#.#.###)....#.#..##############
#.#.........#.#...............#
#.#..#......#.#...###########.#
#.#.........#.#...# #.#
#.#<#.......#.#...# #.#


You could see an orc priest and 2 orcs.

Vanquished Creatures
  3 worms (D:2)
  3 dart slugs
  3 leopard geckos
  A giant cockroach (D:2)
  5 goblins
  5 hobgoblins
  A kobold (D:2)
  4 bats
25 creatures vanquished.

Notes
Turn   | Place    | Note
-------+----------+-------------------------------------------
     0 | D:1      | Morbidden the Demigod Archaeologist began the quest for the
                  | Orb.
     0 | D:1      | Reached XP level 1. HP: 15/15 MP: 3/3
   161 | D:1      | Reached skill level 1 in Fighting
   189 | D:1      | Reached XP level 2. HP: 23/23 MP: 4/4
   405 | D:1      | Reached skill level 1 in Maces & Flails
   707 | D:2      | Found a basalt altar of Yredelemnul.
   839 | D:2      | Reached skill level 1 in Invocations
   945 | D:2      | Reached XP level 3. HP: 24/28 MP: 6/6
  1874 | D:2      | HP: 1/28 [orc/+0 flail (2)]
  1877 | D:2      | Killed from afar by an orc priest

Skill      XL: |  1  2 |
---------------+-------+-----
Fighting       | 1 |  1.2
Maces & Flails | 1 |  1.3
Dodging        | 3 |  3.2
Invocations    | 1 |  1.0
Armour         | |  0.1
Stealth        | |  3.4

Action                   || total
-------------------------++-------
Melee: Whip              ||   172
 Fire: Blowgun           ||     1
  Use: Potion            ||     1
 Stab: Sleeping          ||     3
  Eat: Chunk             ||     8
Armor: Robe              ||    29
       Chain mail        ||    40
Dodge: Dodged            ||    99
